 Dungeon Crawl Stone Soup version 0.30-a0-824-g6c64550be9 (webtiles) character file.

Game seed: 2689766510849336417

336 cforsyth the Sneak (level 6, -3/38 HPs)
             Began as a Kobold Brigand on Feb 28, 2023.
             Killed by nerve-wracking pain
             ... invoked by an orc priest
              (14 damage)
             ... on level 4 of the Dungeon.
             The game lasted 00:03:57 (2973 turns).

cforsyth the Sneak (Kobold Brigand)                 Turns: 2973, Time: 00:03:58

Health: -3/38      AC:  8    Str:  8    XL:     6   Next: 84%
Magic:  6/6        EV: 16    Int: 13    God:
Gold:   160        SH:  0    Dex: 18    Spells: 5/5 levels left

rFire   . . .      SeeInvis .    a - +2 dagger
rCold   . . .      Faith    .    (no shield)
rNeg    . . .      Spirit   .    b - +0 robe
rPois   .          Reflect  .    (no helmet)
rElec   .          Harm     .    t - +1 cloak
rCorr   .          Rampage  .    (no gloves)
Will    +....                    (no boots)
Stlth   +++++                    (no amulet)
HPRegen 0.26/turn                k - ring of willpower
MPRegen 0.10/turn                o - +4 ring of protection

@: no status effects
A: small, no large weapons, nightstalker 3
a: no special abilities


You were on level 4 of the Dungeon.
You visited 1 branch of the dungeon, and saw 4 of its levels.

You collected 160 gold pieces.

Inventory:

Hand Weapons
 a - a +2 dagger (weapon)
Missiles
 d - 13 poisoned darts (quivered)
 e - 3 curare-tipped darts
Armour
 b - a +0 robe (worn)
 t - a +1 cloak (worn)
Jewellery
 k - a ring of willpower (left hand)
 l - a ring of protection from cold
 o - a +4 ring of protection (right hand)
 p - a +4 ring of protection
 v - a ring of ice
Wands
 u - a wand of polymorph (11)
Scrolls
 f - 4 scrolls of identify {unknown}
 h - 4 scrolls of vulnerability {unknown}
 i - 3 scrolls of teleportation {unknown}
 n - a scroll of amnesia {unknown}
 r - 3 scrolls of magic mapping {unknown}
Potions
 c - 4 potions of curing {unknown}
 g - a potion of lignification {unknown}
 j - 2 potions of ambrosia {unknown}
 m - 2 potions of flight {unknown}
 q - a potion of heal wounds {unknown}
 s - a potion of brilliance {unknown}
 w - a potion of cancellation {unknown}


   Skills:
 + Level 4.0 Fighting
 + Level 4.9 Short Blades
 - Level 2.1 Throwing
 + Level 3.9 Dodging
 + Level 7.0 Stealth


You had 5 spell levels left.
You didn't know any spells.
Your spell library contained the following spells:

 Spells                   Type           Power      Damage    Failure   Level
 Slow                     Hex            0%         N/A       30%         1
 Confusing Touch          Hex            0%         N/A       67%         3
 Vampiric Draining        Necr           0%         2d6       67%         3


Dungeon Overview and Level Annotations

Branches:
Dungeon (4/15)
 Temple: D:4-7

Altars:

Annotations:
D:2 Sigmund


Innate Abilities, Weirdness & Mutations

You are small and have problems with some larger weapons.
You are completely attuned to the shadows.


Message History

The orc is severely wounded.
You feel sick.
You are no longer poisoned.
You hit the orc.
The orc is severely wounded.
The orc hits you with a +0 war axe.
* * * LOW HITPOINT WARNING * * *
You hit the orc.
You kill the orc!
You hit the orc priest but do no damage.
The orc priest looks braver for a moment.
You hit the orc priest but do no damage.
You hit the orc priest but do no damage.
The orc priest completely misses you.
Unknown command.
You hit the orc priest.
The orc priest is lightly wounded.
The orc priest looks encouraged for a moment.
You hit the orc priest but do no damage.
The orc priest is lightly wounded.
The orc priest hits you but does no damage.
You hit the orc priest but do no damage.
The orc priest is lightly wounded.
You hit the orc priest.
The orc priest is moderately wounded.
The orc priest hits you with a +0 whip.
* * * LOW HITPOINT WARNING * * *
You hit the orc priest but do no damage.
The orc priest is moderately wounded.
The orc priest hits you but does no damage.
You barely miss the orc priest.
The orc priest is moderately wounded.
The orc priest looks braver for a moment.
You hit the orc priest.
The orc priest is moderately wounded.
You hit the orc priest.
The orc priest is heavily wounded.
The orc priest calls down the wrath of Beogh upon you.
Pain shoots through your body!
You die...

#...... #......
#...... #......#
#######.)....#
#>o@......##.##
#.###....##...### ##
#).o#.##....♣...###.
###.#.###.#.......))
...# #####....<..
#########.###...).
#...........##.♣.#
#........####.....
#...)...###....<..


You could see an orc priest.

Vanquished Creatures
  A scorpion (D:4)
  A hound (D:4)
  A jelly (D:4)
  An orc priest (D:4)
  Crazy Yiuf (D:2)
  Terence (D:3)
  4 gnolls
  2 adders
  An ufetubus (D:4)
  A worm (D:4)
  3 dart slugs
  2 orcs (D:4)
  3 endoplasms
  3 giant cockroaches
  5 goblins
  5 hobgoblins
  7 jackals
  4 quokkas
  4 ball pythons
  3 bats
  2 frilled lizards (D:3)
  9 kobolds
  3 rats
67 creatures vanquished.

Notes
Turn   | Place    | Note
-------+----------+-------------------------------------------
     0 | D:1      | cforsyth the Kobold Brigand began the quest for the Orb.
     0 | D:1      | Reached XP level 1. HP: 12/12 MP: 1/1
   150 | D:1      | Reached XP level 2. HP: 18/18 MP: 2/2
   781 | D:2      | Reached XP level 3. HP: 22/22 MP: 3/3
  1271 | D:2      | Found a runed translucent door.
  1274 | D:2      | Noticed Crazy Yiuf
  1279 | D:2      | Killed Crazy Yiuf
  1280 | D:2      | Reached skill level 6 in Stealth
  1280 | D:2      | Reached XP level 4. HP: 28/28 MP: 4/4
  1401 | D:2      | Noticed Sigmund
  1859 | D:3      | Reached XP level 5. HP: 29/32 MP: 5/5
  1946 | D:3      | Noticed Terence
  1950 | D:3      | Killed Terence
  2167 | D:4      | Identified the +1 quarterstaff of Trial by Ordeal {heavy,
                  | rF- rC+ rN+ SInv Stlth+}
  2361 | D:4      | Reached XP level 6. HP: 38/38 MP: 6/6
  2845 | D:4      | Reached skill level 7 in Stealth
  2973 | D:4      | Killed from afar by an orc priest

Illustrated notes

Levels and vault maps discovered:
D:1:      roderic_chinese_lattice_arrival, layout_loops_ring,
          minmay_pentomino_z4
D:2:      layout_loops_ring, uniq_crazy_yiuf_cottage, uniq_sigmund
D:3:      layout_basic, chequers_garden, kennysheep_generic_room_9, uniq_terence
D:4:      layout_basic, nicolae_yredelemnul_ghost_church, grunt_ministairs_13,
          hangedman_decor_push

Skill      XL: |  1  2  3  4  5  6 |
---------------+-------------------+-----
Short Blades   | 3 4 |  4.9
Dodging        | 2 3 |  3.9
Fighting       | 3 4 |  4.0
Stealth        | 6 7 |  7.0
Throwing       | |  2.1

Action                     |  1- 3 |  4- 6 || total
---------------------------+-------+-------++-------
  Melee: Dagger            |    56 |   161 ||   217
   Stab: Sleeping          |    19 |    12 ||    31
         Distracted        |       |     1 ||     1
 Armour: Robe              |    13 |    32 ||    45
  Dodge: Dodged            |    25 |   108 ||   133

Table legend: (Time is in decaauts)
 A = Elapsed time spent in this place.
 B = Non-inter-level travel time spent in this place.
 C = Inter-level travel time spent in this place.
 D = Time resting spent in this place.
 E = Time spent auto-exploring this place.
 F = Levels seen in this place.
 G = Mean time per level.
                   A        B        C        D        E       F      G
               +--------+--------+--------+--------+--------+-----+--------+
         Total |   2929 |   2895 |     34 |    249 |   2102 |   4 |  732.2 |
       Dungeon |   2929 |   2895 |     34 |    249 |   2102 |   4 |  732.2 |
               +--------+--------+--------+--------+--------+-----+--------+

Top non-repeatable levels by time:
     D:3: 821 daAuts
     D:1: 724 daAuts
     D:2: 705 daAuts
     D:4: 678 daAuts
